 Dungeon Sprint DCSS version 0.30-a0-738-g116ff8c4af (webtiles) character file.

Game seed: 4275007150919302354

149 BigDaddyOpFi the Magician (level 5, 0/35 HPs)
             Began as a Djinni Earth Elementalist on Feb 3, 2023.
             Was a Priest of Qazlal.
             Slain by an orc warrior
             ... wielding a +0 trident
              (8 damage)
             ... in the Dungeon (Sprint VII: "The Pits").
             The game lasted 00:01:02 (354 turns).

BigDaddyOpFi the Magician (DjEE)                     Turns: 354, Time: 00:01:02

Health: 0/35       AC:  2    Str:  7    XL:     5   Next: 56%
Gold:   0          EV: 13    Int: 19    God:    Qazlal [***...] SH:  4 Dex: 13

rFire   + + .      SeeInvis .    (no weapon)
rCold   x . .      Faith    .    (no shield)
rNeg    . . .      Spirit   .    a - +0 robe
rPois   ∞          Reflect  .    (no helmet)
rElec   .          Harm     .    (no cloak)
rCorr   .          Rampage  .    (no gloves)
Will    .....      NoTele   +    (boots unavailable)
Stlth   +                        (no amulet)
HPRegen 0.25/turn                (no ring)
MPRegen 0.00/turn                (no ring)

@: flying, very slightly contaminated
A: sickness immunity, fire resistance 2, cold vulnerability 1, float, innate
caster, HP casting, extra vitality 1
a: Renounce Religion, Upheaval, Elemental Force


You were in the Dungeon.
You worshipped Qazlal.
Qazlal was most pleased with you.
You visited 1 branch

Inventory:

Armour
 a - a +0 robe (worn)
Scrolls
 g - a scroll of blinking
Potions
 b - 5 potions of magic
 c - 6 potions of curing
 d - 3 potions of heal wounds
 e - a potion of haste
 f - 3 potions of berserk rage
 h - 2 potions of invisibility


   Skills:
 - Level 3.2 Dodging
 - Level 2.5 Stealth
 * Level 6.6 Spellcasting
 + Level 5.2 Invocations


You had 4 spell levels left.
You knew the following spells:

 Your Spells              Type           Power      Damage    Failure   Level
a - Sandblast             Erth           62%        2d14      1%          1
b - Passwall              Tmut/Erth      25%        N/A       1%          2
c - Stone Arrow           Conj/Erth      62%        3d10      1%          3
d - Petrify               Tmut/Erth      31%        N/A       7%          4
e - Summon Small Mammal   Summ           100%       N/A       1%          1
f - Scorch                Fire           62%        2d8       1%          2
Your spell library was empty.

Dungeon Overview and Level Annotations

Branches:
Dungeon (1/1)

Altars:
Ashenzari
Cheibriados
Dithmenos
Elyvilon
Fedhas
Gozag
Hepliaklqana
Makhleb
Nemelex Xobeh
Okawaru
Qazlal
Ru
Trog
Uskayaw
Wu Jian
Xom
Yredelemnul
Zin
The Shining One
Jiyva
Lugonu


Innate Abilities, Weirdness & Mutations

You are immune to sickness and miasma.
You are immune to poison.
Your flesh is very heat resistant. (rF++)
You are vulnerable to cold. (rC-)
You float through the air rather than walking.
You learn spells naturally, not from books.
Your magical power is your life essence.
You have superior vitality. (+4 MHP)


Message History

Your Spellcasting skill gained 2 levels and is now at level 6!
Your Invocations skill gained 2 levels and is now at level 5!
You have reached level 4!
You feel clever.
You have reached level 5!
The power to cast Scorch wells up from within.
Spell assigned to 'f'.
Casting: Stone Arrow (safe; 1% risk of failure)
Confirm with . or Enter, or press ? or * to list all spells.
Aiming: Stone Arrow (safe; 1% risk of failure)
Press: ? - help, Shift-Dir - straight line, f - orc warrior
Aim: an orc warrior, wielding a +0 trident and wearing a +0 plate armour (74% to hit)
The stone arrow misses the orc warrior.
A gnoll comes into view. It is wielding a +0 club.
The orc warrior hits you from afar with a +0 trident.
* * * LOW HITPOINT WARNING * * *
You feel much better. The orc warrior closely misses you.
An orc comes into view. It is wielding a +0 club.
The orc warrior hits you with a +0 trident.
The orc moves out of view.
Your magical contamination has completely faded away.
Casting: Stone Arrow (safe; 1% risk of failure)
Confirm with . or Enter, or press ? or * to list all spells.
Aiming: Stone Arrow (safe; 1% risk of failure)
Press: ? - help, Shift-Dir - straight line, f/p - orc warrior
Aim: an orc warrior, wielding a +0 trident and wearing a +0 plate armour (74% to hit)
The stone arrow hits the orc warrior.
The orc warrior is lightly wounded.
The orc warrior hits you with a +0 trident!
Casting: Stone Arrow (safe; 1% risk of failure)
Confirm with . or Enter, or press ? or * to list all spells.
Aiming: Stone Arrow (safe; 1% risk of failure)
Press: ? - help, Shift-Dir - straight line, f/p - orc warrior
Aim: an orc warrior, wielding a +0 trident and wearing a +0 plate armour (lightly wounded, 74% to hit)
You miscast Stone Arrow.
You are very lightly contaminated with residual magic.
Nothing appears to happen.
* * * LOW HITPOINT WARNING * * *
The orc warrior hits you with a +0 trident!
You die...

#'#####'#####.....
#.#...#.#.[##.....
#.#...#÷#))#####'#
#.#...).#))##.....
#.##†####))##.....
#.#)....#.[##.....
#.#.....#'###...<.
#.#........##.....
#@#........##.....
#o###########.....
#gg.).o.# ######
#.###...# #.# g#
#.# #.. #.. #..


You could see an orc warrior and 2 gnolls.

Vanquished Creatures
  A water moccasin (D)
  An iron imp (D)
  An ufetubus (D)
  2 orcs (D)
  An endoplasm (D)
  A goblin (D)
  3 jackals (D)
  A bat (D)
  A frilled lizard (D)
  A rat (D)
13 creatures vanquished.

Notes
Turn   | Place    | Note
-------+----------+-------------------------------------------
     0 | D        | BigDaddyOpFi the Djinni Earth Elementalist began the quest
                  | for the Orb.
     0 | D        | BigDaddyOpFi set off with the following spells memorised:
                  | Sandblast, Passwall, Stone Arrow, Petrify.
     0 | D        | Reached XP level 1. HP: 15/15 MP: 0/0
    15 | D        | Found a bloodstained altar of Trog.
    15 | D        | Found a viscous altar of Jiyva.
    15 | D        | Found a hazy altar of Hepliaklqana.
    15 | D        | Found an opulent altar of Gozag.
    16 | D        | Found a glowing golden altar of the Shining One.
    16 | D        | Found a glowing silver altar of Zin.
    16 | D        | Found a basalt altar of Yredelemnul.
    16 | D        | Found a shimmering altar of Xom.
    16 | D        | Found an ornate altar of the Wu Jian Council.
    16 | D        | Found a sacrificial altar of Ru.
    16 | D        | Found a stormy altar of Qazlal.
    16 | D        | Found an iron altar of Okawaru.
    16 | D        | Found a sparkling altar of Nemelex Xobeh.
    16 | D        | Found a burning altar of Makhleb.
    16 | D        | Found a blossoming altar of Fedhas.
    16 | D        | Found a white marble altar of Elyvilon.
    16 | D        | Found a shadowy altar of Dithmenos.
    16 | D        | Found a snail-covered altar of Cheibriados.
    17 | D        | Found a corrupted altar of Lugonu.
    18 | D        | Found a hide-covered altar of Uskayaw.
    18 | D        | Found a broken altar of Ashenzari.
    22 | D        | Became a worshipper of Qazlal Stormbringer
    50 | D        | Reached XP level 2. HP: 9/21 MP: 0/0
   165 | D        | Reached * piety under Qazlal
   166 | D        | Reached skill level 3 in Spellcasting
   194 | D        | Reached skill level 1 in Invocations
   194 | D        | Reached ** piety under Qazlal
   204 | D        | Reached *** piety under Qazlal
   205 | D        | Reached skill level 4 in Spellcasting
   205 | D        | Reached XP level 3. HP: 7/25 MP: 0/0
   205 | D        | Learned a level 1 spell: Summon Small Mammal
   337 | D        | Noticed an orc warrior
   337 | D        | Noticed a water moccasin
   348 | D        | Killed a water moccasin
   349 | D        | Reached skill level 6 in Spellcasting
   349 | D        | Reached skill level 5 in Invocations
   349 | D        | Reached XP level 4. HP: 15/31 MP: 0/0
   349 | D        | Reached XP level 5. HP: 17/35 MP: 0/0
   349 | D        | Learned a level 2 spell: Scorch
   354 | D        | Slain by an orc warrior

Illustrated notes

Levels and vault maps discovered:
D:        pitsprint [storerooms_1, entrance_room_1, metal_vault_7, armoury_3,
          mini_pit_1, grid_room_1, main_hall_1, silver_pit, the_coven_1,
          the_vestibule_1, steel_vault_1, golden_pit, hallway_of_sentries,
          crystal_vault_2, iron_vault_4, final_vault]

Skill      XL: |  1  2  3 |
---------------+----------+-----
Stealth        | 2 |  2.5
Dodging        | 3 |  3.2
Spellcasting   | 4 6 |  6.6
Invocations    | 2 5 |  5.2

Action                     |  1- 3 |  4- 6 || total
---------------------------+-------+-------++-------
   Cast: Sandblast         |    20 |       ||    20
         Stone Arrow       |     5 |     2 ||     7
    Use: Potion            |     2 |     1 ||     3
 Armour: Robe              |     2 |       ||     2
  Dodge: Dodged            |    18 |     1 ||    19
  Block: Other             |     4 |       ||     4

Table legend: (Time is in decaauts)
 A = Elapsed time spent in this place.
 B = Non-inter-level travel time spent in this place.
 C = Inter-level travel time spent in this place.
 D = Time resting spent in this place.
 E = Time spent auto-exploring this place.
 F = Levels seen in this place.
 G = Mean time per level.
                   A        B        C        D        E       F      G
               +--------+--------+--------+--------+--------+-----+--------+
         Total |    364 |    344 |     20 |    216 |      0 |   1 |  364.0 |
       Dungeon |    364 |    344 |     20 |    216 |      0 |   1 |  364.0 |
               +--------+--------+--------+--------+--------+-----+--------+

Top non-repeatable levels by time:
       D: 364 daAuts
